 Dungeon Crawl Stone Soup version 0.20-a0-739-g6bb112f (webtiles) character file.

744 Gorglomux the Cleaver (level 7, -11/57 HPs)
             Began as a Hill Orc Monk on Feb 25, 2017.
             Mangled by an ogre
             ... wielding a +0 giant club
              (29 damage)
             ... on level 5 of the Dungeon.
             The game lasted 00:09:24 (5358 turns).

Gorglomux the Cleaver (Hill Orc Monk)               Turns: 5358, Time: 00:09:25

Health: -11/57     AC:  9    Str: 16    XL:     7   Next: 76%
Magic:  7/7        EV:  8    Int: 10    God:
Gold:   36         SH:  0    Dex: 13    Spells: 6/6 levels left

rFire    . . .     SeeInvis +   a - +0 hand axe
rCold    . . .     Gourm    .   U - +1 chain mail
rNeg     . . .     Faith    .   P - +0 buckler
rPois    .         Spirit   .   (no helmet)
rElec    .         Reflect  .   (no cloak)
rCorr    .         Harm     .   (no gloves)
MR       .....                  (no boots)
Stlth    ..........             (no amulet)
Regen    0.2/turn               (no ring)
MPRegen  0.1/turn               s - ring of see invisible

@: confused
A: no striking features
a: no special abilities


You were on level 5 of the Dungeon.
You were not hungry.

You visited 1 branch of the dungeon, and saw 5 of its levels.

You collected 167 gold pieces.
You spent 131 gold pieces at shops.

Inventory:

Hand Weapons
 a - a +0 hand axe (weapon)
Missiles
 g - 5 javelins of penetration (quivered)
Armour
 P - a +0 buckler (worn)
 U - a +1 chain mail (worn)
Jewellery
 s - a ring of see invisible (left hand)
Scrolls
 K - a scroll of immolation
 L - a scroll of fear
 M - a scroll of fog
 O - a scroll of magic mapping {unknown}
 R - 4 scrolls of identify
 T - 3 scrolls of teleportation
 V - a scroll of amnesia
 Z - a scroll of blinking {unknown}
Potions
 d - a potion of brilliance
 e - 7 potions of curing
 k - 2 potions of invisibility
 N - a potion of agility {unknown}
 Q - a potion of degeneration {unknown}
 W - a potion of flight
Books
 X - a book of Transfigurations

   Spells                             Type                      Level
   a - Irradiate                      Conjuration/Transmutation    5
   b - Statue Form                    Transmutation/Earth          6
   c - Hydra Form                     Transmutation                6
   d - Dragon Form                    Transmutation                7
Comestibles
 c - 4 bread rations
 i - 4 meat rations
 S - 6 fruits


   Skills:
 - Level 3.6 Fighting
 - Level 8.8 Axes
 + Level 2.0 Armour
 + Level 3.0 Dodging
 - Level 1.5 Stealth
 - Level 5.1 Shields


You had 6 spell levels left.
You didn't know any spells.

Dungeon Overview and Level Annotations

Branches:
Dungeon (5/15)
 Temple: D:4-7

Altars:
Fedhas

Shops:
D:5 ?


Message History

You hit the ogre but do no damage.
The ogre is moderately wounded.
The ogre hits you with a giant club!!
* * * LOW HITPOINT WARNING * * *
You are too injured to fight recklessly!
You are confused.
You feel invigorated.
You hit the ogre.
The ogre is moderately wounded.
The ogre hits you with a giant club!
* * * LOW HITPOINT WARNING * * *
You bump into the rock wall.
The ogre hits you with a giant club!
* * * LOW HITPOINT WARNING * * *
You completely miss the ogre.
The ogre is moderately wounded.
You hit the ogre.
The ogre is heavily wounded.
The ogre hits you with a giant club!!
Ouch! That really hurt!
You die...

#############
#(........O@#
#.#########.#
... #.# ....
#.# #.>.
####.####
##..##
#.......#
.....
#.##.##.#
##..#
#.##.##.#
....##
#.##.##.#


You could see an ogre.

Vanquished Creatures
  The ghost of Gorglomux the Cleaver, an amateur HOMo (D:4)
  Edmund (D:4)
  An ogre (D:3)
  A scorpion (D:4)
  A crimson imp (D:5)
  An orc priest (D:4)
  3 worker ants
  An iguana (D:5)
  An orc wizard (D:4)
  6 adders
  An ooze (D:3)
  5 worms
  2 dart slugs (D:1)
  8 leopard geckos
  7 orcs
  A ball python (D:3)
  4 giant cockroaches
  10 goblins
  5 hobgoblins
  3 jackals (D:3)
  2 kobolds
  9 bats
  6 frilled lizards
  A jackal skeleton (D:4)
  11 rats
92 creatures vanquished.

Notes
Turn   | Place    | Note
-------+----------+-------------------------------------------
     0 | D:1      | Gorglomux the Hill Orc Monk began the quest for the Orb.
     0 | D:1      | Reached XP level 1. HP: 19/19 MP: 1/1
   338 | D:1      | Reached XP level 2. HP: 22/26 MP: 2/2
   493 | D:1      | Reached skill level 5 in Axes
  1133 | D:1      | Reached XP level 3. HP: 29/31 MP: 3/3
  1752 | D:2      | Reached skill level 6 in Axes
  2213 | D:3      | Reached XP level 4. HP: 39/39 MP: 4/4
  2463 | D:3      | Reached skill level 7 in Axes
  2506 | D:3      | Found a blossoming altar of Fedhas.
  2799 | D:3      | Reached XP level 5. HP: 45/45 MP: 5/5
  3313 | D:4      | Reached skill level 8 in Axes
  3499 | D:4      | Reached XP level 6. HP: 43/51 MP: 6/6
  3583 | D:4      | Noticed Edmund
  3613 | D:4      | Killed Edmund
  3616 | D:4      | Noticed Gorglomux's ghost (amateur HOMo)
  4082 | D:3      | Reached XP level 7. HP: 36/57 MP: 7/7
  4265 | D:4      | Killed Gorglomux's ghost
  4559 | D:4      | Reached skill level 1 in Armour
  4987 | D:5      | Entered Level 5 of the Dungeon
  5211 | D:5      | Found Tafriqal's Magic Scroll Shoppe.
  5216 | D:5      | Bought a scroll of fog for 22 gold pieces
  5216 | D:5      | Bought a scroll of fear for 38 gold pieces
  5216 | D:5      | Bought a scroll of immolation for 38 gold pieces
  5216 | D:5      | Bought a scroll of teleportation for 33 gold pieces
  5237 | D:5      | Reached skill level 3 in Dodging
  5358 | D:5      | Mangled by an ogre

Vault maps used:
D:1:      enne_arrival_octagon_isle
D:3:      fedhas_altar_1
D:4:      first_bread, uniq_edmund
D:5:      serial_shops, kennysheep_mini, nicolae_shop_behind_doors,
          shop_scrolls, uniq_pikel

Skill      XL: |  1  2  3  4  5  6  7 |
---------------+----------------------+-----
Axes           | 5 6 7 8 |  8.8
Shields        | 4 5 |  5.1
Armour         | 2 |  2.0
Dodging        | 3 |  3.0
Fighting       | |  3.6
Stealth        | |  1.5

Action                   |  1- 3 |  4- 6 |  7- 9 || total
-------------------------+-------+-------+-------++-------
Melee: Hand axe          |   139 |   235 |   122 ||   496
Throw: Javelin           |     6 |     9 |     4 ||    19
  Use: Scroll            |     7 |     2 |       ||     9
       Potion            |       |       |     1 ||     1
 Stab: Sleeping          |     2 |       |       ||     2
  Eat: Chunk             |     4 |     5 |     6 ||    15
Armor: Robe              |    10 |       |       ||    10
       Chain mail        |    47 |   142 |    36 ||   225
Dodge: Dodged            |    52 |    80 |    27 ||   159
Block: Buckler           |       |     5 |    17 ||    22
